 Dungeon Crawl Stone Soup version 0.18-a0-1035-g72c9994 (webtiles) character file.

56 4thArraOfDagon the Ruffian (level 3, -1/30 HPs)
             Began as a Ghoul Gladiator on Jan 9, 2016.
             Slain by a worm (6 damage)
             ... on level 3 of the Dungeon.
             The game lasted 00:02:18 (381 turns).

4thArraOfDagon the Ruffian (Ghoul Gladiator)         Turns: 381, Time: 00:02:18

Health: -1/30      AC:  4    Str: 18    XL:     3   Next: 97%
Magic:  2/2        EV: 12    Int:  4    God:
Gold:   68         SH:  0    Dex:  9    Spells: 0 memorised, 2 levels left

rFire  . . .     SeeInvis .       - Unarmed
rCold  + . .     Gourm    .     a - +0 leather armour
rNeg   + + +     Faith    .     (no shield)
rPois  ∞         Spirit   .     b - +0 helmet
rElec  .         Dismiss  .     (no cloak)
rCorr  .         Reflect  .     (no gloves)
SustAt .         Harm     .     (no boots)
MR     .....                    (no amulet)
Stlth  +.........               (no ring)
                                (no ring)

@: rotting, not resistant to hostile enchantments, very unstealthy
A: rotting body, claws 1, carnivore 3, cold resistance 1, negative energy
resistance 3, slow regeneration 1, torment resistance, unbreathing
a: no special abilities


You were on level 3 of the Dungeon.
You were not hungry.

You visited 1 branch of the dungeon, and saw 4 of its levels.

You collected 68 gold pieces.

Inventory:

Missiles
 c - 3 throwing nets (quivered)
Armour
 a - a +0 leather armour (worn)
 b - a +0 helmet (worn)
Wands
 l - a wand of confusion (26/48)
Scrolls
 h - a scroll of enchant weapon {unknown}
 k - a scroll of fog
Potions
 e - a potion of lignification
 g - a potion of heal wounds
Comestibles
 d - a meat ration
 f - 3 chunks of flesh


   Skills:
 + Level 2.8 Fighting
 - Level 1.7 Throwing
 + Level 1.0 Armour
 + Level 3.0 Dodging
 * Level 4.2 Unarmed Combat


You had 2 spell levels left.
You didn't know any spells.

Dungeon Overview and Level Annotations

Branches:
Dungeon (4/15)
 Temple: D:4-7

Altars:


Innate Abilities, Weirdness & Mutations

Your body is rotting away.
You thrive on raw meat.
You are immune to poison.
You have sharp fingernails.
You are carnivorous and can eat meat at any time.
Your flesh is cold resistant.
You are immune to negative energy.
You regenerate slowly when monsters are visible.
You are immune to unholy pain and torment.
You can survive without breathing.


Message History

The worm bites you.
You claw the worm!
The worm is severely wounded.
The jackal bites you. The jackal closely misses you.
Unknown command.
You scratch the worm but do no damage.
The worm is severely wounded.
The jackal bites you.
* * * LOW HITPOINT WARNING * * *
The worm bites you.
* * * LOW HITPOINT WARNING * * *
You scratch the worm but do no damage.
The worm is heavily wounded.
The jackal bites you.
* * * LOW HITPOINT WARNING * * *
Unknown command.
You scratch the worm.
The worm is severely wounded.
The jackal barely misses you. The worm bites you.
You die...

## ... ##.#
#####...#.
#shh@.#..#.
#.###w.#...#
#.#..#...#..
#hh#...#...#..
#..hh#...#...#
#..#...#...#.. #
##...#...#...#..
#.#...#...#../#
#...#...#...#


You could see a worm, 2 jackals and a giant cockroach.

Vanquished Creatures
  Jessica (D:2)
  A shadow imp (D:4)
  An ooze (D:1)
  A giant gecko (D:4)
  3 bats
  2 goblins
  A hobgoblin (D:1)
  5 jackals
  A giant cockroach zombie (D:3)
  2 giant newts
18 creatures vanquished.

Notes
Turn   | Place    | Note
--------------------------------------------------------------
     0 | D:1      | 4thArraOfDagon the Ghoul Gladiator began the quest for the Orb.
     0 | D:1      | Reached XP level 1. HP: 17/17 MP: 0/0
    70 | D:1      | Reached XP level 2. HP: 13/25 MP: 1/1
   230 | D:2      | Noticed Jessica
   236 | D:2      | Killed Jessica
   236 | D:2      | Reached skill level 1 in Armour
   236 | D:2      | Reached skill level 4 in Unarmed Combat
   236 | D:2      | Reached XP level 3. HP: 26/30 MP: 2/2
   275 | D:4      | Noticed a necrophage
   296 | D:4      | Noticed an ogre
   333 | D:4      | Noticed a scorpion
   333 | D:4      | Noticed an ogre
   381 | D:3      | Slain by a worm

Vault maps used:
D:1:      wheals_arrival_shading
D:2:      first_bread, kennysheep_boxes, uniq_jessica
D:3:      overflow_temple_1_default, serial_bayou_ford_a, hex_medium
D:4:      lemuel_doored_altar, gammafunk_temple_overflow_forgotten,
          old_standard_altar, serial_shops, shop

Action                   || total
-------------------------++-------
Melee: Unarmed           ||    68
Evoke: Wand              ||     7
  Use: Scroll            ||     5
  Eat: Chunk             ||     9
